 Dungeon Crawl Stone Soup version 0.15.1-4-gac8487e (webtiles) character file.

48 Johnny the Chiller (level 3, -1/28 HPs)
             Began as a Demigod Ice Elementalist on Oct 14, 2014.
             Slain by Johnny's ghost (3 damage)
             ... on Level 3 of the Dungeon.
             The game lasted 00:02:16 (1962 turns).

Johnny the Chiller (Demigod Ice Elementalist)       Turns: 1962, Time: 00:02:16

HP  -1/28        AC  2     Str 12      XL: 3   Next: 30%
MP   0/8         EV 13     Int 20      God:
Gold 74          SH  0     Dex 16      Spells:  1 memorised,  5 levels left

rFire  . . .     SeeInvis .     i - +0 falchion
rCold  . . .     Clarity  .     a - +0 robe
rNeg   . . .     rCorr    .     (no shield)
rPois  .         rRot     .     (no helmet)
rElec  .         Spirit   .     (no cloak)
SustAb .         Warding  .     (no gloves)
rMut   .         Stasis   .     (no boots)
Gourm  .                        (no amulet)
MR     .....                    (no ring)
                                (no ring)

@: not resistant to hostile enchantments, unstealthy
A: no striking features
a: no special abilities


You were on level 3 of the Dungeon.
You were hungry.

You visited 1 branch of the dungeon, and saw 3 of its levels.

You collected 134 gold pieces.
You spent 60 gold pieces at shops.

Inventory:

Hand weapons
 e - a +0 short sword
 i - a +0 falchion (weapon)
Missiles
 k - 3 javelins (quivered)
Armour
 a - a +0 robe (worn)
 o - a +0 ring mail
Comestibles
 c - 2 bread rations
Scrolls
 f - a scroll of identify {unknown}
 g - a scroll of teleportation {unknown}
 h - 2 scrolls of recharging {unknown}
 j - 3 scrolls of remove curse {unknown}
Potions
 d - a potion of cancellation {unknown}
 l - a potion of beneficial mutation {unknown}
 m - a potion of degeneration {unknown}
 n - 2 potions of curing
Books
 b - a book of Frost

   Spells                             Type                      Level
   *Freeze                            Ice                          1
   Throw Frost                        Conjuration/Ice              2
   Ozocubu's Armour                   Charms/Ice                   3
   Throw Icicle                       Conjuration/Ice              4
   Summon Ice Beast                   Ice/Summoning                4
   Condensation Shield                Ice                          4


   Skills:
 * Level 1.1 Fighting
 + Level 0.8 Armour
 + Level 2.1 Dodging
 + Level 2.2 Stealth
 * Level 2.0 Spellcasting
   Level 0.8 Conjurations
 * Level 2.9 Ice Magic


You had 5 spell levels left.
You knew the following spells:

 Your Spells              Type           Power        Failure   Level  Hunger
a - Freeze                Ice            ##..         6%          1    #......


Dungeon Overview and Level Annotations

Branches:
Dungeon (3/15)

Annotations:
D:3 Johnny's ghost, average DgIE


Message History

Casting: Freeze
Confirm with . or Enter, or press ? or * to list all spells.
Aiming: Freeze
Press: ? - help, Shift-Dir - straight line, f/p - Johnny's ghost
Aim: Johnny's ghost (almost destroyed)
You freeze Johnny's ghost.
Johnny's ghost is almost destroyed.
Johnny's ghost barely misses you.
Unknown command.
You are feeling hungry.
Found a scroll labeled XUN WAPHERAROA.
Casting: Freeze
Confirm with . or Enter, or press ? or * to list all spells.
Aiming: Freeze
Press: ? - help, Shift-Dir - straight line, f/p - Johnny's ghost
Aim: Johnny's ghost (almost destroyed)
You freeze Johnny's ghost.
Johnny's ghost is almost destroyed.
Johnny's ghost hits you.
You die...

#.......##.......
###.....##.......
#.....##........
#####....♣♣♣♣♣♣
###..♣P..P♣
##......P.♣
#....♣♣♣♣♣..
##....♣♣♣♣♣♣♣
#####.W@?..#
########


You could see Johnny's ghost.

Vanquished Creatures
  An adder (D:2)
  2 worms (D:2)
  2 giant geckos (D:2)
  5 bats
  A giant cockroach (D:1)
  A hobgoblin (D:2)
  5 kobolds
  A quokka (D:2)
  A giant newt (D:1)
  2 goblins
  2 rats
23 creatures vanquished.

Notes
Turn   | Place    | Note
--------------------------------------------------------------
     0 | D:1      | Johnny, the Demigod Ice Elementalist, began the quest for the Orb.
     0 | D:1      | Reached XP level 1. HP: 14/14 MP: 3/3
   762 | D:1      | Found an iron altar of Okawaru.
   816 | D:2      | Reached XP level 2. HP: 5/22 MP: 2/4
  1102 | D:2      | Found a basalt altar of Yredelemnul.
  1396 | D:2      | Reached skill level 1 in Fighting
  1567 | D:2      | Reached XP level 3. HP: 9/28 MP: 3/8
  1893 | D:2      | Found a glowing silver altar of Zin.
  1894 | D:2      | Found Zin's Purification Station.
  1900 | D:2      | Bought a potion of curing for 60 gold pieces
  1937 | D:3      | Noticed Johnny's ghost (average DgIE)
  1952 | D:3      | HP: 1/28 [Johnny's ghost (2)]
  1962 | D:3      | Slain by Johnny's ghost

Action                   || total
-------------------------++-------
Melee: Short sword       ||    17
       Falchion          ||    38
       Unarmed           ||     3
Throw: Javelin           ||     7
 Cast: Freeze            ||    27
 Stab: Sleeping          ||     2
  Eat: Chunk             ||     3
